 Dungeon Crawl Stone Soup version 0.27-a0-1500-g450c7e4133 (webtiles) character file.

Game seed: 7079752529733456065

25 dickylongcocking the Skirmisher (level 3, -2/31 HPs)
             Began as a Djinni Wanderer on July 8, 2021.
             Slain by a jackal (3 damage)
             ... on level 1 of the Dungeon.
             The game lasted 00:01:18 (939 turns).

dickylongcocking the Skirmisher (Djinni Wanderer)    Turns: 939, Time: 00:01:19

Health: -2/31      AC:  2    Str: 12    XL:     3   Next: 17%
Gold:   8          EV: 12    Int: 14    God:
                   SH:  0    Dex: 11

rFire    + + .     SeeInvis .   a - +2 spear
rCold    x . .     Faith    .   (no shield)
rNeg     . . .     Spirit   .   b - +0 robe
rPois    ∞         Reflect  .   (no helmet)
rElec    .         Harm     .   (no cloak)
rCorr    .         Rampage  .   (no gloves)
Will     .....                  (boots unavailable)
Stlth    +.........             (no amulet)
HPRegen  0.10/turn              (no ring)
MPRegen  0.00/turn              (no ring)

@: flying, very slightly contaminated
A: sickness immunity, fire resistance 2, cold vulnerability 1, float, innate
caster, hp casting, extra vitality 1
a: no special abilities


You were on level 1 of the Dungeon.
You visited 1 branch of the dungeon, and saw 1 of its levels.

You collected 8 gold pieces.

Inventory:

Hand Weapons
 a - a +2 spear (weapon)
Armour
 b - a +0 robe (worn)
Scrolls
 d - a scroll of identify {unknown}
Potions
 c - a potion of magic


   Skills:
 * Level 4.1 Fighting
 - Level 1.0 Polearms
 - Level 1.0 Throwing
 - Level 3.2 Dodging
 - Level 1.0 Stealth
 - Level 1.0 Evocations


You couldn't memorise any spells.
You knew the following spells:

 Your Spells              Type           Power      Damage    Failure   Level
a - Sting                 Tmut/Pois      0%         1d3       28%         1
b - Freeze                Ice            0%         1d3       28%         1
c - Foxfire               Conj/Fire      0%         2x1d4     28%         1
f - Frozen Ramparts       Ice            0%         1d2       65%         3
i - Ignite Poison         Fire/Tmut/Pois 0%         N/A       65%         3

Your spell library contained the following spells:

 Spells                   Type           Power      Damage    Failure   Level


Dungeon Overview and Level Annotations

Branches:
Dungeon (1/15)

Altars:

Shops:
D:1 :


Innate Abilities, Weirdness & Mutations

You are immune to sickness and miasma.
You are immune to poison.
Your flesh is very heat resistant. (rF++)
You are vulnerable to cold. (rC-)
You float through the air rather than walking.
You learn spells naturally, not from books.
Your magical power is your life essence.
You have superior vitality. (+4 HP)


Message History

You hit the jackal.
The jackal is heavily wounded.
The jackal bites you. The jackal misses you.
You barely miss the jackal.
The jackal is heavily wounded.
The jackal bites you. The jackal completely misses you. The jackal bites you.
Casting: Sting (safe; 28% risk of failure)
Confirm with . or Enter, or press ? or * to list all spells.
The spell is extremely dangerous to cast (65% risk of failure)!
Continue anyway?
Casting: Frozen Ramparts (extremely dangerous; 65% risk of failure)
Press: ? - help, Dir - look around, f - activate You miscast Frozen Ramparts.
You are very lightly contaminated with residual magic.
Nothing appears to happen.
The jackal misses you. The jackal bites you. The jackal completely misses you.
Unknown command.
Unknown command.
Unknown command.
Unknown command.
You hit the jackal.
You kill the jackal!
A jackal comes into view.
The jackal bites you.
Casting: Frozen Ramparts (extremely dangerous; 65% risk of failure)
Confirm with . or Enter, or press ? or * to list all spells.
The spell is extremely dangerous to cast (65% risk of failure)!
Continue anyway?
Casting: Frozen Ramparts (extremely dangerous; 65% risk of failure)
Press: ? - help, Dir - look around, f - activate You miscast Frozen Ramparts.
You are encased in ice!
You feel a terrible chill!
Ouch! That really hurt!
* * * LOW HITPOINT WARNING * * *
x2 The jackal barks!
The jackal closely misses you. The jackal bites you.
* * * LOW HITPOINT WARNING * * *
Unknown command.
Okay, then.
It was a potion of magic.
Magic courses through your body.
The jackal bites you but does no damage.
The jackal closely misses you. The jackal bites you.
You die...

##≈.....≈≈≈...##...##
#...#
≈##...≈≈≈≈.............
...#
.....≈≈≈≈#.##.##.#.####
..#
..(.≈≈≈###.##.####.#
.########..#.......###
.#..⌠###..###.#......#
##..###..#.####......+
.##'# #.#......$.....#
....# #...####..@h...#
.≈≈≈# #..........h...#
≈≈≈## #.#..####......#
#### #..#. ###.#.......
#.. #. #.......### ...#
.. #.....#.# ##..#..
......# # ......#
...###+# ###.#.# ....


You could see 2 jackals.

Vanquished Creatures
  A dart slug (D:1)
  A ball python (D:1)
  A bat (D:1)
  3 endoplasms (D:1)
  A giant cockroach (D:1)
  3 goblins (D:1)
  A hobgoblin (D:1)
  5 jackals (D:1)
  A quokka (D:1)
17 creatures vanquished.

Notes
Turn   | Place    | Note
-------+----------+-------------------------------------------
     0 | D:1      | dickylongcocking the Djinni Wanderer began the quest for
                  | the Orb.
     0 | D:1      | Reached XP level 1. HP: 20/20 MP: 0/0
   119 | D:1      | Found Doikenk's Book Boutique.
   149 | D:1      | Reached XP level 2. HP: 7/25 MP: 0/0
   162 | D:1      | HP: 1/25 [quokka (3)]
   844 | D:1      | Reached skill level 4 in Fighting
   844 | D:1      | Reached XP level 3. HP: 31/31 MP: 0/0
   844 | D:1      | Learned a level 1 spell: Foxfire
   936 | D:1      | HP: 1/31 [jackal (2)]
   939 | D:1      | Slain by a jackal

Illustrated notes

Levels and vault maps discovered:
D:1:      denvon_arrival_waterhouse, layout_basic, serial_shops, shop,
          chequers_serial_rivers_micro_a

Skill      XL: |  1  2 |
---------------+-------+-----
Fighting       | 4 |  4.1
Polearms       | |  1.0
Throwing       | |  1.0
Dodging        | |  3.2
Stealth        | |  1.0
Evocations     | |  1.0

Action                   || total
-------------------------++-------
Melee: Spear             ||    26
 Cast: Sting             ||    13
  Use: Potion            ||     1
 Stab: Sleeping          ||     1
Armor: Robe              ||     9
Dodge: Dodged            ||    31

Table legend: (Time is in decaauts)
 A = Elapsed time spent in this place.
 B = Non-inter-level travel time spent in this place.
 C = Inter-level travel time spent in this place.
 D = Time resting spent in this place.
 E = Time spent auto-exploring this place.
 F = Levels seen in this place.
 G = Mean time per level.
                   A        B        C        D        E       F      G
               +--------+--------+--------+--------+--------+-----+--------+
         Total |    940 |    940 |      0 |    289 |    511 |   1 |  940.0 |
       Dungeon |    940 |    940 |      0 |    289 |    511 |   1 |  940.0 |
               +--------+--------+--------+--------+--------+-----+--------+

Top non-repeatable levels by time:
     D:1: 940 daAuts
